 Dungeon Crawl Stone Soup version 0.23-a0-484-g29ba69c (webtiles) character file.

20276 galech the Spear-Bearer (level 12, -5/94 HPs)
             Began as a Demonspawn Fighter on Nov 30, 2018.
             Was a High Priest of Okawaru.
             Killed from afar by an orc sorcerer (26 damage)
             ... with a bolt of negative energy
             ... on level 2 of the Orcish Mines.
             The game lasted 00:20:06 (12133 turns).

galech the Spear-Bearer (Demonspawn Fighter)       Turns: 12133, Time: 00:20:07

Health: -5/94      AC: 27    Str: 29    XL:     12   Next: 43%
Magic:  12/13      EV: 15    Int:  9    God:    Okawaru [*****.]
Gold:   349        SH: 15    Dex: 24    Spells: 11/11 levels left

rFire    + + .     SeeInvis .   A - +8 spear of Blood {pierce, Str+2 Dex+3}
rCold    + . .     Gourm    .   c - +0 shield
rNeg     . . .     Faith    .   a - +1 crystal plate armour
rPois    .         Spirit   .   (helmet restricted)
rElec    .         Reflect  .   C - +4 cloak "Gepejud" {*Slow Str+5 Dex+4}
rCorr    .         Harm     .   r - +0 pair of gloves
MR       .....                  F - +0 pair of boots
Stlth    ++++......             (no amulet)
HPRegen  0.25/turn              U - +4 ring of strength
MPRegen  0.13/turn              X - ring "Biepelai" {rF++ rC+ Slay+2 Stlth+}

@: heroism, corroded, drained
A: antennae 1, demonic guardian 1, nightstalker 2, sturdy frame 3
a: Heroism, Finesse, Renounce Religion


You were on level 2 of the Orcish Mines.
You worshipped Okawaru.
Okawaru was extremely pleased with you.
You were not hungry.

You visited 3 branches of the dungeon, and saw 14 of its levels.

You collected 1180 gold pieces.
You spent 831 gold pieces at shops.

Inventory:

Hand Weapons
 A - the +8 spear of Blood (weapon) {pierce, Str+2 Dex+3}
   (You found it on level 4 of the Dungeon)

   It inflicts extra damage upon your enemies.
   It affects your strength (+2).
   It affects your dexterity (+3).
 K - the +8 mace "Fosaraik" {crush, *Corrode *Slow rElec rF++}
   (You found it on level 9 of the Dungeon)

   It inflicts extra damage upon your enemies.
   It greatly protects you from fire.
   It insulates you from electricity.
   It may corrode you when you take damage.
   It may slow you when you take damage.
 L - a +1 war axe of flaming
Armour
 a - a +1 crystal plate armour (worn)
 c - a +0 shield (worn)
 r - a +0 pair of gloves (worn)
 C - the +4 cloak "Gepejud" (worn) {*Slow Str+5 Dex+4}
   (You found it on level 8 of the Dungeon)

   It affects your strength (+5).
   It affects your dexterity (+4).
   It may slow you when you take damage.
 F - a +0 pair of boots (worn)
 H - a scarf of resistance
 M - a +2 scale mail of positive energy
 O - the +1 robe "Nifeaxiy" {rF++}
   (You found it on level 10 of the Dungeon)

   It greatly protects you from fire.
Jewellery
 D - an uncursed ring of protection from cold
 E - a +3 ring of dexterity
 U - a +4 ring of strength (left hand)
 X - the ring "Biepelai" (right hand) {rF++ rC+ Slay+2 Stlth+}
   (You bought it in a shop on level 10 of the Dungeon)

   [ring of stealth]

   It affects your accuracy and damage with ranged weapons and melee attacks
   (+2).
   It greatly protects you from fire.
   It protects you from cold.
   It makes you more stealthy.
Wands
 q - a wand of iceblast (13)
 u - a wand of flame (50)
 J - a wand of polymorph (9)
 P - a wand of clouds (3)
 R - a wand of enslavement (12)
Scrolls
 e - 2 scrolls of teleportation {unknown}
 g - 3 scrolls of blinking {unknown}
 i - 4 scrolls of enchant armour
 l - 6 scrolls of remove curse
 m - 7 scrolls of identify
 s - 3 scrolls of amnesia
 v - 2 scrolls of random uselessness {unknown}
 w - 2 scrolls of magic mapping {unknown}
 y - 2 scrolls of immolation {unknown}
 G - a scroll of enchant weapon {unknown}
 N - a scroll of fear {unknown}
 Q - a scroll of fog {unknown}
 V - a scroll of acquirement {unknown}
Potions
 b - 3 potions of degeneration {unknown}
 d - a potion of might
 h - 4 potions of curing {unknown}
 j - a potion of flight {unknown}
 k - 4 potions of cancellation {unknown}
 n - 2 potions of agility {unknown}
 o - a potion of brilliance {unknown}
 p - 2 potions of berserk rage {unknown}
 t - 3 potions of heal wounds {unknown}
 z - a potion of ambrosia {unknown}
 B - 3 potions of haste {unknown}
 I - a potion of invisibility {unknown}
 S - a potion of lignification {unknown}
 T - a potion of resistance {unknown}
Comestibles
 f - 23 rations
 x - 8 chunks of flesh


   Skills:
 + Level 8.8(12.9) Fighting
 + Level 5.4(13.1) Axes
 + Level 11.0(15.5) Polearms
 + Level 7.8(11.8) Armour
 + Level 4.4(8.5) Dodging
 + Level 4.0(8.2) Stealth
 + Level 8.9(13.0) Shields
 + Level 2.2(1.5) Invocations


You had 11 spell levels left.
You didn't know any spells.
Your spell library contained the following spells:

 Spells                   Type           Power        Failure   Level  Hunger
 Animate Skeleton         Necr           N/A          96%         1    ##.....
 Apportation              Tloc           #.....       96%         1    ##.....
 Confusing Touch          Hex            #.....       96%         1    ##.....
 Flame Tongue             Conj/Fire      #....        96%         1    ##.....
 Shock                    Conj/Air       #...         96%         1    ##.....
 Summon Small Mammal      Summ           #...         96%         1    ##.....
 Swiftness                Chrm/Air       #.......     99%         2    ###....
 Throw Flame              Conj/Fire      #.....       99%         2    ###....
 Confuse                  Hex            #.......     100%        3    ####...
 Conjure Flame            Conj/Fire      #.......     100%        3    ####...
 Gell's Gravitas          Tloc           #.........   100%        3    ####...
 Inner Flame              Hex/Fire       #.......     100%        3    ####...
 Static Discharge         Conj/Air       #.......     100%        3    ####...
 Airstrike                Air            #.........   100%        4    #####..
 Petrify                  Tmut/Erth      #.......     100%        4    #####..
 Sticky Flame             Conj/Fire      #.......     100%        4    #####..
 Fireball                 Conj/Fire      #.........   100%        5    ######.
 Lightning Bolt           Conj/Air       #.........   100%        5    ######.
 Metabolic Englaciation   Hex/Ice        #.........   100%        5    ######.
 Yara's Violent Unravell  Hex/Tmut       #.........   100%        5    ######.


Dungeon Overview and Level Annotations

Branches:
Dungeon (11/15)            Temple (1/1) D:4            Lair (0/6) D:10
    Orc (2/2) D:11            Elf (0/3) Orc:2

Altars:
Ashenzari
Cheibriados
Dithmenos
Elyvilon
Fedhas
Gozag
Hepliaklqana
Kikubaaqudgha
Makhleb
Nemelex Xobeh
Okawaru
Qazlal
Ru
Sif Muna
Trog
Uskayaw
Vehumet
Wu Jian
Xom
Yredelemnul
Zin
The Shining One

Shops:
D:4 *   D:10 *   D:11 (   Orc:2 =(*(

Annotations:
D:4 exclusion: statue
D:5 2 runed doors, Vidiiot's ghost, amateur MfFi
D:8 1 runed door, derval's ghost, novice DDEE


Innate Abilities, Weirdness & Mutations

You have a pair of small antennae on your head.
A weak demonic guardian rushes to your aid.
You are significantly more attuned to the shadows.
Your movements are significantly less encumbered by armour. (ER -6)


Message History

The orc sorcerer hits you with a +0 dagger.
* * * LOW HITPOINT WARNING * * *
The orc high priest calls upon Beogh to heal the orc sorcerer.
The orc sorcerer is healed somewhat.
Your iron imp hits the orc high priest!
The chaos spawn gores you but does no damage.
Some of the chunks of flesh in your inventory have rotted away.
The orc high priest hits your iron imp with a +0 trident!
Your iron imp dies!
You strike the helpless orc high priest from behind!
You puncture the orc high priest!
The orc high priest is almost dead.
You block the orc knight's attack. You block the orc sorcerer's attack.
The orc high priest barely misses you.
You puncture the orc high priest!
You kill the orc high priest!
Okawaru is honoured by your kill. The chaos spawn misses you.
The orc sorcerer points at you and mumbles some strange words.
The bolt of negative energy hits you!
You feel drained.
You die...

.###.#####.)................#..##
## ### ##.......................#
##.....#####.............##
#....#### #.........##..##
#...###..#####...........#
#..)##.÷.÷..####........##
##..)#.÷...÷.∩##........#
#.....÷..÷....##.......##
##......§@....∩#........#
##....o4.÷...∩#.......##
#...÷)oo4...##.....###
###.......∩###.......##
##÷....#####........# #######
#......#.## ##....#### ####
#...## ##### ##..# #####.##


You could see an orc knight, an orc high priest, a rust devil, a chaos spawn and
an orc sorcerer.

Vanquished Creatures
  3 hydras (D:10)
  A two-headed ogre (D:10)
  2 orc high priests (Orc:2)
  Sonja (D:11)
  3 orc sorcerers (Orc:2)
  3 orc knights (Orc:2)
  Pikel (D:8)
  2 ugly things
  A centaur zombie (D:9)
  A gargoyle (D:11)
  A troll (D:11)
  3 hippogriffs
  A human (D:7)
  3 hogs (D:7)
  17 yaks
  A wyvern (D:9)
  2 hungry ghosts (D:11)
  A warg (Orc:2)
  14 orc warriors
  An ice beast (D:9)
  2 black bears (D:10)
  4 sky beasts
  A necrophage (D:6)
  6 ogres
  A phantom (D:7)
  13 centaurs
  2 big kobolds (D:11)
  4 bullfrogs
  3 gnoll sergeants
  A wyvern skeleton (D:11)
  4 scorpions
  9 wights
  3 crimson imps
  3 hounds
  3 bullfrog zombies
  15 orc wizards
  9 orc priests
  2 bullfrog skeletons
  6 jellies
  2 centaur skeletons
  An iguana (D:10)
  5 worker ants
  A killer bee zombie (D:9)
  A worker ant zombie (D:8)
  11 adders
  17 gnolls
  2 shadow imps
  An adder skeleton (D:7)
  2 worms
  2 dart slugs
  3 leopard geckos
  41 orcs
  4 bats
  3 giant cockroaches
  7 goblins
  6 hobgoblins
  14 jackals
  3 kobolds
  5 quokkas
  3 ball pythons
  6 frilled lizards
  A leopard gecko skeleton (D:4)
  A quokka zombie (D:10)
  6 rats
301 creatures vanquished.

Vanquished Creatures (collateral kills)
  Harold (D:8)
  A wyvern (D:11)
  2 yaks (D:11)
  An orc warrior (Orc:2)
  A bullfrog (D:9)
  A bullfrog skeleton (D:11)
  An adder (D:9)
  2 orcs (D:11)
  2 jackals (D:11)
12 creatures vanquished.

Vanquished Creatures (others)
  A bullfrog (D:8)
  An adder (D:8)
  A quokka (D:8)
3 creatures vanquished.

Grand Total: 316 creatures vanquished

Notes
Turn   | Place    | Note
-------+----------+-------------------------------------------
     0 | D:1      | galech the Demonspawn Fighter began the quest for the Orb.
     0 | D:1      | Reached XP level 1. HP: 18/18 MP: 1/1
   386 | D:1      | Gained mutation: Your movements are slightly less
                  | encumbered by armour. (ER -2) [demonic ancestry]
   386 | D:1      | Reached XP level 2. HP: 24/24 MP: 2/2
   941 | D:2      | Gained mutation: Your movements are less encumbered by
                  | armour. (ER -4) [demonic ancestry]
   941 | D:2      | Reached XP level 3. HP: 26/29 MP: 3/3
  1986 | D:2      | Reached XP level 4. HP: 35/35 MP: 4/4
  2004 | D:2      | Found a shimmering altar of Xom.
  2220 | D:3      | Found a stormy altar of Qazlal.
  2757 | D:4      | Found Kaeveylu's Assorted Antiques.
  2778 | D:4      | Found a staircase to the Ecumenical Temple.
  2952 | Temple   | Entered the Ecumenical Temple
  3205 | D:4      | Reached XP level 5. HP: 40/41 MP: 5/5
  3579 | D:4      | Found a radiant altar of Vehumet.
  3579 | D:4      | Noticed a frost-covered statue
  3606 | D:4      | Got a twisted spear
  3607 | D:4      | Identified the +8 spear of Blood {pierce, Str+2 Dex+3} (You
                  | found it on level 4 of the Dungeon)
  3667 | D:5      | Entered Level 5 of the Dungeon
  3687 | D:5      | Noticed a centaur
  3694 | D:5      | Killed a centaur
  3717 | D:5      | Found a shadowy altar of Dithmenos.
  3748 | D:5      | Reached XP level 6. HP: 47/48 MP: 6/6
  3755 | D:5      | Found a large runed door.
  3755 | D:5      | Found a large runed door.
  3759 | D:5      | Noticed Vidiiot's ghost (amateur MfFi)
  3783 | D:5      | Found an ornate altar of the Wu Jian Council.
  3831 | D:5      | Found a basalt altar of Yredelemnul.
  3839 | D:5      | Found a sacrificial altar of Ru.
  3897 | D:5      | Reached skill level 1 in Polearms
  4224 | D:5      | Reached skill level 1 in Dodging
  4254 | D:5      | Found a hide-covered altar of Uskayaw.
  4254 | D:5      | Found a deep blue altar of Sif Muna.
  4347 | D:6      | Gained mutation: Your movements are significantly less
                  | encumbered by armour. (ER -6) [demonic ancestry]
  4347 | D:6      | Reached XP level 7. HP: 48/53 MP: 7/7
  4352 | D:6      | Reached skill level 2 in Polearms
  4516 | D:6      | Found a burning altar of Makhleb.
  4628 | D:6      | Found a white marble altar of Elyvilon.
  4893 | D:7      | Reached skill level 3 in Polearms
  5052 | D:7      | Found a snail-covered altar of Cheibriados.
  5096 | D:7      | Found a hazy altar of Hepliaklqana.
  5130 | D:7      | You fall through a shaft!
  5151 | D:8      | Reached skill level 4 in Polearms
  5151 | D:8      | Gained mutation: You have a pair of small antennae on your
                  | head. [demonic ancestry]
  5151 | D:8      | Reached XP level 8. HP: 53/60 MP: 8/8
  5293 | D:8      | Reached skill level 5 in Shields
  5302 | D:8      | Noticed Pikel
  5326 | D:8      | Killed Pikel
  5326 | D:8      | Reached skill level 5 in Fighting
  5326 | D:8      | Reached skill level 5 in Polearms
  5511 | D:8      | Got a shimmering cloak
  5517 | D:8      | Identified the +4 cloak "Gepejud" {*Slow Str+5 Dex+4} (You
                  | found it on level 8 of the Dungeon)
  5543 | D:7      | Gained mutation: A weak demonic guardian rushes to your
                  | aid. [demonic ancestry]
  5543 | D:7      | Reached XP level 9. HP: 66/68 MP: 9/9
  5613 | D:7      | Reached skill level 5 in Armour
  5774 | D:7      | Found a glowing silver altar of Zin.
  6071 | D:7      | Reached skill level 6 in Polearms
  6261 | D:7      | Reached skill level 1 in Stealth
  6508 | D:8      | Found an iron altar of Okawaru.
  6518 | D:8      | Became a worshipper of Warmaster Okawaru
  6534 | D:8      | Noticed Harold
  6552 | D:8      | Killed Harold
  6552 | D:8      | Reached * piety under Okawaru
  6552 | D:8      | Reached skill level 7 in Polearms
  6610 | D:8      | Found a runed door.
  6610 | D:8      | Noticed derval's ghost (novice DDEE)
  6895 | D:9      | Reached ** piety under Okawaru
  6895 | D:9      | Gained mutation: You are slightly more attuned to the
                  | shadows. [demonic ancestry]
  6895 | D:9      | Reached XP level 10. HP: 76/76 MP: 10/10
  6902 | D:9      | Got a crystal mace
  6903 | D:9      | Identified the +8 mace "Fosaraik" {crush, *Corrode *Slow
                  | rElec rF++} (You found it on level 9 of the Dungeon)
  7137 | D:9      | Noticed a cyan ugly thing
  7157 | D:9      | Killed a cyan ugly thing
  7157 | D:9      | Reached skill level 8 in Polearms
  7440 | D:9      | Reached *** piety under Okawaru
  7616 | D:10     | Entered Level 10 of the Dungeon
  7736 | D:10     | Noticed a white ugly thing
  7764 | D:10     | Killed a white ugly thing
  7773 | D:10     | Reached skill level 9 in Polearms
  7808 | D:10     | Reached **** piety under Okawaru
  8092 | D:10     | Found a staircase to the Lair.
  8106 | D:10     | Got a fine robe
  8119 | D:10     | Identified the +1 robe "Nifeaxiy" {rF++} (You found it on
                  | level 10 of the Dungeon)
  8210 | D:10     | Found Vifity's General Store.
  8242 | D:10     | Gained mutation: You are significantly more attuned to the
                  | shadows. [demonic ancestry]
  8242 | D:10     | Reached XP level 11. HP: 37/84 MP: 8/11
  8988 | D:11     | Noticed a two-headed ogre
  9013 | D:10     | Killed a two-headed ogre
  9373 | D:11     | Noticed a seven-headed hydra
  9414 | D:10     | Killed a four-headed hydra
  9414 | D:10     | Reached ***** piety under Okawaru
  9414 | D:10     | Reached skill level 10 in Polearms
  9789 | D:11     | Found Musotada's Weapon Boutique.
  9841 | D:11     | Noticed a six-headed hydra
  9873 | D:10     | Killed a two-headed hydra
  9873 | D:10     | Reached skill level 1 in Invocations
 10075 | D:11     | Noticed Sonja
 10081 | D:11     | Noticed a five-headed hydra
 10195 | D:10     | Killed a one-headed hydra
 10536 | D:11     | Killed Sonja
 10536 | D:11     | Reached skill level 5 in Axes
 10692 | D:11     | Found a staircase to the Orcish Mines.
 10890 | Orc:1    | Entered Level 1 of the Orcish Mines
 10899 | Orc:1    | Reached XP level 12. HP: 93/93 MP: 13/13
 10954 | Orc:2    | Entered Level 2 of the Orcish Mines
 11301 | D:10     | Bought the ring "Biepelai" {rF++ rC+ Slay+2 Stlth+} for 803
                  | gold pieces
 11301 | D:10     | Bought a scroll of identify for 28 gold pieces
 11478 | Orc:2    | Found a staircase to the Elven Halls.
 11916 | Orc:2    | Paralysed by an orc sorcerer for 4 turns
 11929 | Orc:2    | Received a gift from Okawaru
 12048 | Orc:2    | Noticed an orc high priest
 12055 | Orc:2    | Paralysed by an orc sorcerer for 6 turns
 12056 | Orc:2    | Noticed an orc high priest
 12104 | Orc:2    | Killed an orc high priest
 12110 | Orc:2    | Found Fex Puabe's Antique Weapon Boutique.
 12110 | Orc:2    | Found Assaas's Jewellery Shoppe.
 12111 | Orc:2    | Noticed an orc high priest
 12111 | Orc:2    | Found Zatinwim's Antique Weapon Boutique.
 12111 | Orc:2    | Found Ymaet's General Store.
 12122 | Orc:2    | Reached skill level 11 in Polearms
 12132 | Orc:2    | Killed an orc high priest
 12133 | Orc:2    | Killed from afar by an orc sorcerer

Vault maps used:
D:1:      minmay_arrival_doors
D:2:      tgw_xom
D:3:      lemuel_crystal_altar, first_ration
D:4:      vehumet_statue, minmay_temple_entry_overgrown, serial_shops,
          shop_coins, corexii_corridor_pit
D:5:      grunt_temple_overflow_open, old_standard_altar,
          gammafunk_temple_overflow_elements, ebering_ghost_disaster_area,
          saegor_snake_ambush
D:6:      makhleb_heckhound_becter, kennysheep_little_box,
          kennysheep_small_square
D:7:      lemuel_doored_altar, kennysheep_mini_moat, grunt_livestock,
          cheibrodos_worm_habitat
D:8:      kennysheep_okawaru_gauntlet, hellmonk_ghost_happy_afterlife,
          uniq_harold, uniq_pikel
D:9:      minmay_pinched_square
D:10:     dpeg_oklobed_lair, serial_shops, nicolae_shop_waterfront
D:11:     kennysheep_orc_monster_closet_entryway, serial_shops, shop, uniq_sonja
Temple:   kb_temple_of_zot
Orc:2:    grunt_orc_tribal_feast, nicolae_orc_crystal_geode

Skill      XL: |  1  2  3  4  5  6  7  8  9 10 11 12 |
---------------+-------------------------------------+-----
Shields        | 3 4 5 6 7 8 |  8.9
Axes           | 2 3 4 5 |  5.4
Armour         | 3 4 6 7 |  7.8
Polearms       | 1 4 5 7 9 10 11 | 11.0
Dodging        | 1 2 3 4 |  4.4
Fighting       | 4 5 7 8 |  8.8
Stealth        | 1 2 3 4 |  4.0
Invocations    | 1 2 |  2.2

Action                   |  1- 3 |  4- 6 |  7- 9 | 10-12 || total
-------------------------+-------+-------+-------+-------++-------
Melee: War axe           |   125 |    58 |       |    22 ||   205
       Spear             |       |    51 |   267 |   700 ||  1018
Invok: Heroism           |       |       |       |    12 ||    12
  Use: Scroll            |       |     2 |       |     1 ||     3
 Stab: Sleeping          |       |       |       |    10 ||    10
       Distracted        |       |       |       |     5 ||     5
  Eat: Chunk             |     4 |     7 |     8 |    12 ||    31
       Ration            |       |       |       |     2 ||     2
Armor: Scale mail        |    33 |       |       |       ||    33
       Chain mail        |    29 |     2 |       |       ||    31
       Plate armour      |       |    42 |   104 |   123 ||   269
       Crystal plate arm |       |       |       |    49 ||    49
Dodge: Dodged            |    35 |    20 |    57 |   176 ||   288
Block: Shield            |    63 |    52 |   104 |   267 ||   486

Table legend:
 A = Non-vault XP
 B = Vault XP
 C = Vault XP percentage of total XP
 D = Non-vault monster count
 E = Vault monster count
 F = Vault count percentage of total count
                 A         B        C        D         E       F
            +---------+---------+-------+---------+---------+-------
      Total |   17992 |   10975 |  37.9 |     236 |      77 |  24.6
            +---------+---------+-------+---------+---------+-------
        D:1 |      36 |       0 |   0.0 |      21 |       0 |   0.0
        D:2 |      60 |      42 |  41.2 |      18 |       3 |  14.3
        D:3 |       7 |       0 |   0.0 |       5 |       0 |   0.0
        D:4 |      90 |       0 |   0.0 |       9 |       0 |   0.0
        D:5 |     382 |      14 |   3.5 |      12 |       2 |  14.3
        D:6 |     258 |     164 |  38.9 |      11 |       2 |  15.4
        D:7 |     851 |    1017 |  54.4 |      20 |       6 |  23.1
        D:8 |     877 |    1413 |  61.7 |      19 |       4 |  17.4
        D:9 |    1849 |    1069 |  36.6 |      18 |      12 |  40.0
       D:10 |    7632 |       0 |   0.0 |      38 |       0 |   0.0
       D:11 |    4123 |    1926 |  31.8 |      43 |      21 |  32.8
      Orc:1 |     261 |       0 |   0.0 |       4 |       0 |   0.0
      Orc:2 |    1566 |    5330 |  77.3 |      18 |      27 |  60.0
            +---------+---------+-------+---------+---------+-------
